Description

Macro Build, 3 bases

  • 8 gates and Push at 6:00 w/ prism
  • Take 3rd after push w/ 3 stalkers at 4:10
  • Strong against nexus fisrt too
  • Strong if u scout no tech or not many army at 4:10 with stalkers
  • Strong ir u opponent take early 3rd too

Replay - Orbital Shipyard (182)

Build Order

Get SALT Encoding   

  12  0:01  Probe (Chrono Boost)  
  13  0:12  Probe (Chrono Boost)  
  14  0:17  Pylon  
  14  0:22  Probe (Chrono Boost)  
  16  0:35  Probe (Chrono Boost)  
  16  0:46  Probe (Chrono Boost)  
  17  0:58  Nexus  Nexus First
  17  1:08  Gateway  1º Gate
  17  1:11  Probe (Chrono Boost)  
  18  1:16  Assimilator  
  18  1:21  Probe (Chrono Boost)  
  18  1:25  Assimilator  
  19  1:32  Probe (Chrono Boost)  
  20  1:42  Probe (Chrono Boost)  
  21  1:53  Probe (Chrono Boost)  
  22  1:56  Cybernetics Core  
  22  2:03  Probe (Chrono Boost)  
  23  2:11  Probe (Chrono Boost)  
  23  2:14  Probe (Chrono Boost)  
  25  2:17  Pylon  
  25  2:21  Probe (Chrono Boost)  
  26  2:24  Probe (Chrono Boost)  
  27  2:32  Probe (Chrono Boost), Stalker  1º Stalker
  27  2:33  Warp Gate  
  27  2:35  Probe (Chrono Boost)  
  31  2:41  Twilight Council  For Blink
  31  2:42  Probe (Chrono Boost)  
  32  2:45  Probe (Chrono Boost)  
  33  2:53  Probe (Chrono Boost)  
  33  2:56  Mothership Core (Chrono Boost)  MSC
  36  3:02  Stalker  2º Stalker (wait adepts)
  38  3:06  Probe (Chrono Boost)  
  38  3:10  Pylon  
  39  3:15  Probe (Chrono Boost)  
  39  3:16  Probe (Chrono Boost)  
  41  3:23  Blink (Chrono Boost)  C R O N O
  41  3:25  Probe (Chrono Boost)  
  41  3:26  Gateway  2º Gate
  43  3:27  Probe (Chrono Boost)  
  43  3:32  Stalker  3º Stalker
  45  3:36  Pylon  
  45  3:39  Probe x2 (Chrono Boost)  
  47  3:45  Gateway  3º Gate
  47  3:50  Probe x2 (Chrono Boost)  
  47  3:54  Robotics Facility  For Warp Prism
  49  3:58  Assimilator x2  Gases Natural
  49  4:00  Pylon  
  49  4:06  Probe (Chrono Boost), Pylon  
  49  4:07  Probe (Chrono Boost)  
  51  4:13  Pylon  
  51  4:16  Probe  
  51  4:19  Probe  
  53  4:30  Nexus  3rd
  53  4:32  Pylon  
  53  4:33  Probe  
  53  4:35  Probe  
  55  4:45  Stalker x2, Pylon  
  59  4:48  Observer  
  59  4:50  Stalker  
  62  4:59  Gateway  4º Gate
  62  5:08  Gateway  5º Gate
  62  5:09  Gateway, Warp Prism (Chrono Boost)  P R I S M , 6º Gate
  64  5:14  Probe  
  64  5:15  Probe  
  64  5:17  Stalker  
  64  5:20  Stalker  
  70  5:25  Stalker  
  70  5:26  Probe  
  73  5:29  Probe  
  74  5:41  Gateway x2, Probe  7º Gate, 8º Gate
  74  5:46  Observer (Chrono Boost)  
  74  5:47  Stalker x2  
  80  5:51  Stalker  GO PUSH !!!!!!! With 10 or 11 stalkers and PRISM
  80  5:54  Probe  
  80  5:55  Probe x2  
  85  6:06  Stalker x3  
  85  6:10  Observer (Chrono Boost)  if you scout Dark Shrine
  90  6:27  Stalker x3  
  94  6:39  Probe, Stalker x5  
  100  6:40  Probe x2  
  103  6:49  Robotics Bay  For Disruptors
  103  6:50  Stalker x3  
  109  7:01  Pylon x2  
  109  7:02  Probe  
  109  7:03  Probe, Pylon  
  109  7:05  Probe  
  102  7:15  Stalker x6  
  109  7:17  Probe  
  109  7:19  Probe  
  109  7:20  Probe  
  112  7:27  Stalker x2  
  116  7:33  Probe  
  116  7:34  Probe x2, Assimilator x2  
  119  7:43  Adept x4  
  127  7:45  Stalker x2  
Spawning Tool Build Advisor. Get it on Overwolf

Go to:

Details

  • Created by: costta
  • Published on: Feb 04, 2016
  • Modified on: Feb 07, 2016
  • Patch: Pre-3.8.0
Show
View Real Time Build Order
Export as new Build Order

Comments (2)

On Feb. 7, 2016, 12:48 p.m., costta  said:

After push with 3 stalker in 4:10, take 3rd at 4:30..
Forget what I said about 11, It was my madness xD

On Feb. 7, 2016, 11:43 a.m., StoicLoofah  said:

Thanks for sharing! I'm glad you were able to find good use for the "Export Build Order" feature. Just to check, what do you mean by "Take 3rd after push (11 probes)"? Do you mean that you should transfer 11 Probes?

Create an account to comment!